 Dungeon Crawl Stone Soup version 0.32-a0-484-g2eb335deba (webtiles) character file.

Game seed: 6033295831911888233

61 mopl the Sneak (level 4, -4/30 HPs)
             Began as an Octopode Brigand on Feb 26, 2024.
             Slain by an ice beast (9 damage)
             ... on level 3 of the Dungeon.
             The game lasted 00:02:38 (1297 turns).

mopl the Sneak (Octopode Brigand)                   Turns: 1297, Time: 00:02:38

Health: -4/30      AC:  1    Str: 10    XL:     4   Next: 7%
Magic:  4/4        EV: 13    Int: 13    God:
Gold:   65         SH:  0    Dex: 15    Spells: 3/3 levels left

rFire   . . .        a - +0 rapier (speed)
rCold   . . .        (no shield)
rNeg    . . .        (helmet restricted)
rPois   .            (no amulet)
rElec   .            q - ring of wizardry
rCorr   .            (no ring)
SInv    .            (no ring)
Will    .....        (no ring)
Stlth   ++++         (no ring)
HPRegen 0.25/turn    (no ring)
MPRegen 0.09/turn    (no ring)
                     (no ring)

%: wizardry (x1)
@: no status effects
A: almost no armour, amphibious, 8 rings, camouflage 1, gelatinous body 1,
(nimble swimmer 1), tentacles
a: no special abilities


You were on level 3 of the Dungeon.
You visited 1 branch of the dungeon, and saw 3 of its levels.

You collected 65 gold pieces.

Inventory:

Hand Weapons
 a - a +0 rapier of speed (weapon)
 b - a +2 dagger
Missiles
 c - 3 curare-tipped darts
 r - 9 poisoned darts (quivered)
Jewellery
 q - a ring of wizardry (left tentacle)
Scrolls
 d - 5 scrolls of identify {unknown}
 e - 2 scrolls of enchant armour {unknown}
 h - a scroll of acquirement {unknown}
 j - a scroll of enchant weapon {unknown}
 k - a scroll of brand weapon {unknown}
 m - a scroll of noise {unknown}
 n - a scroll of teleportation {unknown}
Potions
 f - 2 potions of heal wounds {unknown}
 g - a potion of might {unknown}
 i - a potion of brilliance {unknown}
 l - a potion of curing {unknown}
 o - a potion of attraction {unknown}
 p - a potion of berserk rage {unknown}
 s - a potion of haste {unknown}
 t - a potion of cancellation {unknown}


   Skills:
 + Level 2.5 Fighting
 - Level 2.0(2.2) Short Blades
 + Level 1.2(1.8) Long Blades
 + Level 2.6 Throwing
 + Level 1.8 Dodging
 + Level 5.9 Stealth


You had 3 spell levels left.
You didn't know any spells.
Your spell library contained the following spells:

 Spells                   Type           Power      Damage    Failure   Level
 Magic Dart               Conj           0%         1d3       12%         1
 Searing Ray              Conj           0%         2d4       19%         2
 Fulminant Prism          Conj/Alch      0%         3d5       73%         4


Dungeon Overview and Level Annotations

Branches:
Dungeon (3/15)

Altars:

Shops:
D:1 ([(::


Innate Abilities, Weirdness & Mutations

You cannot wear most types of armour.
You are amphibious.
You can wear up to eight rings at the same time.
Your skin changes colour to match your surroundings (Stealth+).
Your rubbery body absorbs attacks. (AC +1, EV +1)
((You are camouflaged when in or above water. (Stealth+)))
You have tentacles for arms and can constrict up to eight enemies at once.


Message History

You hit the giant cockroach but do no damage.
You grab the giant cockroach. You squeeze the giant cockroach.
You kill the giant cockroach!
You have reached level 4!
You barely miss the goblin. You grab the goblin. You squeeze the goblin.
You kill the goblin!
Things that are here:
a +0 dagger; a goblin corpse A rat and an ice beast come into view.
The rat squeaks loudly.
You hear a shout!
The kobold misses you.
The ice beast moves out of view.
You completely miss the kobold. Your grab misses the kobold.
The kobold hits you with a +0 short sword.
You barely miss the kobold. Your grab misses the kobold. You hit the kobold.
You kill the kobold!
You closely miss the rat. Your grab misses the rat.
Your squeeze misses the rat. The rat bites you but does no damage.
You hit the rat but do no damage. You grab the rat. You constrict the rat.
You hit the rat.
You kill the rat!
Things that are here:
a +0 dagger; a goblin corpse You see here a +0 morningstar.
There is a stone staircase leading up here.
You aren't carrying any items that you can evoke.
Unknown command.
You closely miss the ice beast. The ice beast hits you.
The ice beast freezes you!
You hit the ice beast but do no damage. Your squeeze misses the ice beast.
You hit the ice beast but do no damage. The ice beast completely misses you.
You hit the ice beast but do no damage. The ice beast hits you.
The ice beast freezes you!
* * * LOW HITPOINT WARNING * * *
You are too injured to fight recklessly!
The ice beast attacks as it pursues you!
The ice beast hits you.
* * * LOW HITPOINT WARNING * * *
The ice beast freezes you!
You die...

####### #.....#
#..?..# ##.....###
.........
######.....###
#.Y).).)......
#@####.....###
....................
#####.#...#...#...#.
#..###..#..###.. # .
#.....# . .. +.....+
.# .#####. #.


You could see an ice beast.

Vanquished Creatures
  A gnoll (D:1)
  A dart slug (D:1)
  2 ribbon worms
  An orc (D:3)
  5 ball pythons
  3 endoplasms (D:2)
  3 giant cockroaches
  7 goblins
  A hobgoblin (D:2)
  4 kobolds
  4 quokkas
  3 bats
  A frilled lizard (D:2)
  5 rats
41 creatures vanquished.

Notes
Turn   | Place    | Note
-------+----------+-------------------------------------------
     0 | D:1      | mopl the Octopode Brigand began the quest for the Orb.
     0 | D:1      | Reached XP level 1. HP: 14/14 MP: 1/1
   169 | D:1      | Found Forchub's Book Boutique.
   237 | D:1      | Reached XP level 2. HP: 19/19 MP: 2/2
   237 | D:1      | Found Quqysu Faletz's Weapon Emporium.
   247 | D:1      | Found Voycsial's Book Shoppe.
   312 | D:1      | Found Tobbugot's Armour Shoppe.
   312 | D:1      | Found Mac Samm's Weapon Emporium.
   664 | D:1      | Reached XP level 3. HP: 9/24 MP: 3/3
   784 | D:2      | Reached skill level 1 in Long Blades
  1278 | D:3      | Reached XP level 4. HP: 26/30 MP: 4/4
  1280 | D:3      | Noticed an ice beast
  1297 | D:3      | Slain by an ice beast

Illustrated notes

Levels and vault maps discovered:
D:1:      dpeg_arrival_central, layout_loops_ring, serial_shops,
          nicolae_shop_stone, shop, shop, shop, shop
D:2:      layout_rooms
D:3:      layout_rooms, serial_shops, shop, minmay_fractal_squares_diagonal_5

Skill      XL: |  1  2  3 |
---------------+----------+-----
Long Blades    | 1 |  1.2
Fighting       | |  2.5
Short Blades   | |  2.0
Throwing       | |  2.6
Dodging        | |  1.8
Stealth        | |  5.9

Action                     |  1- 3 |  4- 6 || total
---------------------------+-------+-------++-------
  Melee: Dagger            |    48 |       ||    48
         Constrict         |    12 |     2 ||    14
         Tentacles         |    14 |     1 ||    15
         Rapier            |    14 |    11 ||    25
   Stab: Sleeping          |    16 |       ||    16
 Armour: Skin              |    18 |     5 ||    23
  Dodge: Dodged            |    25 |     2 ||    27

Table legend: (Time is in decaauts)
 A = Elapsed time spent in this place.
 B = Non-inter-level travel time spent in this place.
 C = Inter-level travel time spent in this place.
 D = Time resting spent in this place.
 E = Time spent auto-exploring this place.
 F = Levels seen in this place.
 G = Mean time per level.
                   A        B        C        D        E       F      G
               +--------+--------+--------+--------+--------+-----+--------+
         Total |   1284 |   1243 |     41 |      0 |    990 |   3 |  428.0 |
       Dungeon |   1284 |   1243 |     41 |      0 |    990 |   3 |  428.0 |
               +--------+--------+--------+--------+--------+-----+--------+

Top non-repeatable levels by time:
     D:1: 767 daAuts
     D:2: 482 daAuts
     D:3: 33 daAuts
